 Dungeon Crawl Stone Soup version 0.32-a0-460-gc8eefc9 (webtiles) character file.

Game seed: 15400013989839298284

158 Remcycle the Poker (level 5, -1/38 HPs)
             Began as a Merfolk Gladiator on Feb 23, 2024.
             Slain by an orc wizard
             ... wielding a +0 dagger
              (2 damage)
             ... on level 3 of the Dungeon on Feb 24, 2024.
             The game lasted 00:04:04 (1699 turns).

Remcycle the Poker (Merfolk Gladiator)              Turns: 1699, Time: 00:04:04

Health: -1/38      AC:  4    Str: 16    XL:     5   Next: 40%
Magic:  5/5        EV: 13    Int:  7    God:
Gold:   173        SH:  0    Dex: 16    Spells: 4/4 levels left

rFire   . . .        a - +0 trident
rCold   . . .        (no shield)
rNeg    . . .        b - +0 leather armour
rPois   +            c - +0 helmet
rElec   .            (no cloak)
rCorr   .            (no gloves)
SInv    .            (no boots)
Will    .....        (no amulet)
Stlth   +            f - ring of poison resistance
HPRegen 0.26/turn    (no ring)
MPRegen 0.09/turn

%: no passive effects
@: no status effects
A: (nimble swimmer 2), mertail
a: no special abilities


You were on level 3 of the Dungeon.
You visited 1 branch of the dungeon, and saw 3 of its levels.

You collected 173 gold pieces.

Inventory:

Hand Weapons
 a - a +0 trident (weapon)
Missiles
 d - 2 throwing nets (quivered)
 e - a javelin
Armour
 b - a +0 leather armour (worn)
 c - a +0 helmet (worn)
Jewellery
 f - a ring of poison resistance (left hand)
 q - a +6 ring of intelligence
Scrolls
 g - 2 scrolls of identify {unknown}
 j - 3 scrolls of teleportation {unknown}
 l - a scroll of vulnerability {unknown}
 n - a scroll of torment {unknown}
 p - a scroll of immolation {unknown}
Potions
 h - a potion of might {unknown}
 i - a potion of ambrosia {unknown}
 k - a potion of lignification {unknown}
 m - 2 potions of haste {unknown}
 o - a potion of cancellation {unknown}
 r - a potion of brilliance {unknown}


   Skills:
 - Level 2.1 Fighting
 + Level 7.8 Polearms
 - Level 2.0 Throwing
 - Level 4.0 Dodging


You had 4 spell levels left.
You didn't know any spells.
Your spell library was empty.

Dungeon Overview and Level Annotations

Branches:
Dungeon (3/15)

Altars:

Annotations:
D:3 1 runed translucent door, Crazy Yiuf


Innate Abilities, Weirdness & Mutations

((You are very nimble when in or above water. (Stealth+, EV+, Speed+++)))
Your lower body shifts to a powerful aquatic tail in water.


Message History

The orc priest invokes the aid of Beogh against you.
Pain shoots through your body!
* * * LOW HITPOINT WARNING * * *
You hit the orc priest.
The orc priest is heavily wounded.
The orc priest hits you with a +0 club.
* * * LOW HITPOINT WARNING * * *
The orc priest shouts, "The Pantheon deserves no one's loyalty.
Let us show you the true path!"
You puncture the orc priest!
The orc priest is almost dead.
An orc wizard comes into view. It is wielding a +0 dagger.
The orc priest barely misses you.
The orc priest threatens, "Beogh's wrath is as vast as their mercy.
Make your choice!"
You puncture the orc priest!
You kill the orc priest!
You hit the orc but do no damage. The orc hits you with a +0 dagger.
* * * LOW HITPOINT WARNING * * *
The orc wizard gestures wildly while chanting.
The orc wizard flickers and vanishes!
Deactivating autopickup; reactivate with Ctrl-A.
You hit the orc.
The orc is severely wounded.
The orc barely misses you.
You hit the orc.
The orc is almost dead.
The orc hits you but does no damage.
You hit the orc.
The orc is almost dead.
You hit the orc.
You kill the orc!
You closely miss something. Something hits you but does no damage.
You miss something. Something hits you.
* * * LOW HITPOINT WARNING * * *
You closely miss something.
The orc throws a boomerang.
The boomerang hits you.
* * * LOW HITPOINT WARNING * * *
Something hits you but does no damage.
You puncture something! Something hits you but does no damage.
Unknown command.
You closely miss something.
The orc throws a boomerang.
Something hits you.
You die...

###....#### #####
#(# #.# .......#
#.# #.# ###....#
##.###.## ##.#.#
#...#...### #.#.#
#.......... #.#.#
#...#...### #.#.#
#############.##
#.#.#
#.............####
.....
#@############...#
..... #)#
#######.... .....
#o# ...........
..# ########.##
### #.# #.# #.#
#.# #.#


You could see an orc.

Vanquished Creatures
  An orc priest (D:3)
  An orc wizard (D:3)
  3 adders
  2 dart slugs
  A ribbon worm (D:2)
  2 orcs (D:3)
  8 endoplasms
  3 giant cockroaches
  11 goblins
  2 hobgoblins
  10 kobolds
  4 ball pythons
  6 bats
  A frilled lizard (D:1)
  10 rats
65 creatures vanquished.

Notes
Turn   | Place    | Note
-------+----------+-------------------------------------------
     0 | D:1      | Remcycle the Merfolk Gladiator began the quest for the Orb.
     0 | D:1      | Reached XP level 1. HP: 16/16 MP: 1/1
   158 | D:1      | Reached XP level 2. HP: 22/22 MP: 2/2
   233 | D:1      | Reached skill level 5 in Polearms
   405 | D:1      | Reached XP level 3. HP: 27/27 MP: 3/3
   450 | D:1      | Found a faded altar of an unknown god.
   741 | D:2      | Reached skill level 6 in Polearms
   914 | D:2      | Reached XP level 4. HP: 31/33 MP: 4/4
  1541 | D:3      | Found a runed translucent door.
  1542 | D:3      | Noticed Crazy Yiuf
  1598 | D:3      | Reached skill level 7 in Polearms
  1680 | D:3      | Reached XP level 5. HP: 22/38 MP: 5/5
  1697 | D:3      | HP: 1/38 [orc/boomerang (2)]
  1699 | D:3      | Slain by an orc wizard

Illustrated notes

Levels and vault maps discovered:
D:1:      amcnicky_arrival_choice, layout_basic,
          hellmonk_ecumenical_altar_leap_of_faith, due_unseen_surprise
D:2:      layout_loops_ring, minmay_cut_off
D:3:      layout_loops_ring, uniq_crazy_yiuf_cottage

Skill      XL: |  1  2  3  4 |
---------------+-------------+-----
Polearms       | 5 6 7 |  7.8
Fighting       | |  2.1
Throwing       | |  2.0
Dodging        | |  4.0

Action                     |  1- 3 |  4- 6 || total
---------------------------+-------+-------++-------
  Melee: Trident           |   125 |   114 ||   239
  Throw: Throwing net      |       |     1 ||     1
   Stab: Sleeping          |     3 |       ||     3
 Armour: Leather armour    |    43 |    47 ||    90
  Dodge: Dodged            |    71 |    43 ||   114

Table legend: (Time is in decaauts)
 A = Elapsed time spent in this place.
 B = Non-inter-level travel time spent in this place.
 C = Inter-level travel time spent in this place.
 D = Time resting spent in this place.
 E = Time spent auto-exploring this place.
 F = Levels seen in this place.
 G = Mean time per level.
                   A        B        C        D        E       F      G
               +--------+--------+--------+--------+--------+-----+--------+
         Total |   1696 |   1646 |     50 |      0 |   1230 |   3 |  565.3 |
       Dungeon |   1696 |   1646 |     50 |      0 |   1230 |   3 |  565.3 |
               +--------+--------+--------+--------+--------+-----+--------+

Top non-repeatable levels by time:
     D:2: 706 daAuts
     D:1: 594 daAuts
     D:3: 396 daAuts
